Introsp3ctive, lawful male human Samurai --------- ---------- ----- ----- |.......| |........| |...| #-...| |.......| |........| |...| ###|...| ----- |..<.....#######` |........| |...|####|...| |...| ---.----- ##-........| |....## |....####|...| ### ### # ------.--- ---|-### |.{.| #-...| ######################### ####################### ----- |...-# `## -------# # # # |...|# # |.....-######### ### -----# ### #......|### -.--.- # # # ###|.....|### |....| ### # ## # |.....-# # |.....### # # -------|- ### ------- |....| # # # |.......| # ------ ### # ### |........### # -.--------- # --- |....>..| ### |.........| #|.)| --------- # |.........| #-.)| ##o.a@......| |.)| -+--------- --- Introsp3ctive the Ronin Experience level: 5 Strength: 17 Dexterity: 18 Constitution: 18 Intelligence: 9 Wisdom: 8 Charisma: 8 Health: 0(45) Energy: 17(17) Def: 6 Gold: 952 Moves: 2016 Dungeon seed: NxC0spVOM17WY6Er Game ID: Introsp3ctive_1466920161 Your Inventory: Coins $ - 952 gold pieces Amulets p - a cursed amulet of strangulation Weapons a - an uncursed +0 katana (weapon in hand) b - an uncursed +0 wakizashi c - an uncursed +0 yumi (alternate weapon; not wielded) d - 40 uncursed +0 ya (in quiver) Armor e - an uncursed rustproof +0 splint mail (being worn) Comestibles g - an uncursed tripe ration i - 3 uncursed lichen corpses t - 2 uncursed eggs z - an uncursed gunyoki A - an uncursed pear B - 2 uncursed carrots Scrolls k - 2 uncursed scrolls of gold detection m - 3 uncursed scrolls of earth w - a cursed scroll of light Spellbooks j - an uncursed spellbook of turn undead Potions h - an uncursed potion of fruit juice r - an uncursed potion of speed v - a blessed potion of restore ability Wands x - an uncursed wand of slow monster (0:5) y - an uncursed wand of magic missile (0:5) Tools f - an uncursed blindfold o - an uncursed skeleton key Gems n - 3 uncursed worthless pieces of white glass q - an uncursed worthless piece of violet glass Spells and supernatural/magical abilities: Name Level Category Fail Memory W - pray for help -- divine ? -- Your skills at the end: Fighting Skills martial arts [Basic] wands [Basic] Weapon Skills short sword [Basic] long sword [Basic] bow [Basic] Spellcasting Skills Final Attributes: You were piously aligned. You were telepathic. You were fast. You are dead. Vanquished creatures: a rock mole a shrieker a floating eye a giant bat an iguana 5 killer bees an acid blob a gas spore a large kobold a brown mold a yellow mold a green mold a gecko a fox a goblin 3 grid bugs 3 lichens 2 kobold zombies 4 newts 31 creatures vanquished. Voluntary challenges: You were an atheist. You used a wielded weapon 35 times, starting on turn 52. You were illiterate. You never genocided any monsters. You never polymorphed an object. You never changed form. You used no wishes. You never split a pudding. You never wrote Elbereth's name. You never violated your personal moral code. Dungeon overview: The Dungeons of Doom: levels 1 to 7 Level 1 a long staircase Level 2 some fountains Level 3 a potion shop stairs to The Gnomish Mines Level 4 Level 5 a sink Level 6 many fountains Level 7 <- You were here a weapon shop, a fountain stairs to Sokoban The Gnomish Mines: Level 4 stairs to The Dungeons of Doom Sokoban: Level 6 stairs to The Dungeons of Doom History has recorded: On T:1 you entered the Dungeons of Doom to retrieve the Amulet of Yendor! On T:149 you reached level 2 of The Dungeons of Doom. On T:442 you reached level 3 of The Dungeons of Doom. On T:545 you advanced to experience level 2. On T:695 you reached level 1 of The Gnomish Mines. On T:727 you reached level 4 of The Dungeons of Doom. On T:1014 you advanced to experience level 3. On T:1015 you reached level 5 of The Dungeons of Doom. On T:1300 you reached level 6 of The Dungeons of Doom. On T:1461 you reached level 7 of The Dungeons of Doom. On T:1683 you advanced to experience level 4. On T:1741 you reached level 4 of Sokoban. On T:1876 you advanced to experience level 5. Score breakdown: Gold: 952 (10133 points) Experience: 5 levels (11141 points) Exploration: 7 levels ( 15.22%) (10954 points) Discoveries: 1 item ( 0.40%) ( 1901 points) Valuables value: (no points given unless you survive) Artifact value: 0 ( 0 points) Variety of kills: 19 monsters ( 4.96%) ( 6681 points) Turncount: 2016 turns ( -12 points) Survival: died (score multiplied by 80%) Total score: 32638 Latest messages: The killer bee just misses! You hit the killer bee. The killer bee stings! You kill the killer bee! You miss the killer bee. The killer bee stings! (2x) You can't go up here. You hear the chime of a cash register. The killer bee stings! (3x) The killer bee misses. You miss the killer bee. The killer bee misses. The killer bee stings! You miss the killer bee. You stop running. (2x) You hit the iguana! You kill the iguana! The soldier ant bites! The soldier ant stings! The soldier ant misses. The soldier ant stings! You die... Final status: Sayonara Introsp3ctive the Samurai, killed by a soldier ant... You died in The Dungeons of Doom on dungeon level 7 with 32638 points, and 952 pieces of gold, after 2016 moves. You were level 5 with a maximum of 45 hit points when you died.